 Dungeon Crawl Stone Soup version 0.31-a0-152-g6aa68a64a1 (webtiles) character file.

Game seed: 16008955737088964790

816 qw the Skirmisher (level 7, -2/61 HPs)
             Began as a Minotaur Hunter on June 9, 2023.
             Slain by Pikel
             ... wielding a +2 whip of flaming
              (4 damage)
             ... on level 4 of the Dungeon.
             The game lasted 00:01:42 (3587 turns).

qw the Skirmisher (Minotaur Hunter)                 Turns: 3587, Time: 00:01:42

Health: -2/61      AC:  5    Str: 15    XL:     7   Next: 62%
Magic:  6/6        EV: 11    Int:  6    God:
Gold:   213        SH:  0    Dex: 16    Spells: 6/6 levels left

rFire   . . .        Y - +0 shortbow
rCold   . . .        (shield currently unavailable)
rNeg    + . .        h - +0 ring mail
rPois   .            (helmet restricted)
rElec   .            (no cloak)
rCorr   .            (no gloves)
SInv    .            (no boots)
Will    .....        g - amulet of regeneration
Stlth   +            d - ring of positive energy
HPRegen 1.10/turn    (no ring)
MPRegen 0.10/turn

%: no passive effects
@: no status effects
A: horns 2, retaliatory headbutt
a: no special abilities


You were on level 4 of the Dungeon.
You visited 1 branch of the dungeon, and saw 5 of its levels.
You also visited: Ossuary.

You collected 213 gold pieces.


Innate Abilities, Weirdness & Mutations

You have a pair of horns on your head.
You reflexively headbutt those who attack you in melee.


   Skills:
 + Level 5.3 Fighting
 - Level 9.0 Ranged Weapons
 - Level 2.0 Armour
 - Level 3.0 Dodging
 - Level 0.7 Stealth


You had 6 spell levels left.
You didn't know any spells.
Your spell library was empty.

Inventory:

Hand Weapons
 Y - a +0 shortbow (weapon)
Armour
 h - a +0 ring mail (worn)
Jewellery
 a - a ring of ice
 d - a ring of positive energy (left hand)
 g - an amulet of regeneration (around neck)
Wands
 k - a wand of digging (6)
Scrolls
 i - a scroll of identify
Potions
 b - a potion of cancellation
 c - a potion of mutation
 e - 2 potions of haste
 f - a potion of curing
 j - a potion of might

Dungeon Overview and Level Annotations

Branches:
Dungeon (5/15)            Ossuary (visited)
 Temple: D:4-7

Altars:

Annotations:
D:3 1 transporter, qw's ghost, amateur GrHu
D:4 Pikel


Message History

You shoot an arrow. The arrow barely misses Pikel.
The arrow hits the lemure.
The lemure is lightly wounded.
The lemure hits you.
Pikel hits you with a +2 whip of flaming.
Pikel burns you.
You shoot an arrow. The arrow hits Pikel.
Pikel is heavily wounded.
The lemure hits you.
Pikel says, "Antaeus said I was his favorite kobold.
Me!"
Pikel hits you with a +2 whip of flaming.
Pikel burns you.
You shoot an arrow.
The arrow hits Pikel but does no damage.
Pikel is heavily wounded.
The lemure barely misses you. Pikel closely misses you.
You shoot an arrow. The arrow hits Pikel!
Pikel is heavily wounded.
Pikel hits you with a +2 whip of flaming!
Pikel burns you. The lemure hits you but does no damage.
You shoot an arrow. The arrow closely misses Pikel.
The arrow barely misses the lemure.
The lemure misses you. Pikel closely misses you.
You shoot an arrow.
The arrow hits Pikel but does no damage.
Pikel is heavily wounded.
The lemure closely misses you. You furiously retaliate!
You headbutt the lemure. Pikel barely misses you.
You shoot an arrow. The arrow barely misses Pikel.
The arrow hits the lemure but does no damage.
The lemure is lightly wounded.
The lemure hits you.
Pikel hits you with a +2 whip of flaming!
Pikel burns you.
You shoot an arrow.
The arrow hits Pikel but does no damage.
Pikel is heavily wounded.
The lemure hits you but does no damage.
Pikel hits you with a +2 whip of flaming!
Pikel burns you.
You die...

#########
#.......##
#@#####..####
#5K# ##....#
##55# ####.#
#5.# #.# #...
#.# ##..
#.###### ...
#......# ..
######.#
#.......


You could see Pikel and 4 lemures.

Vanquished Creatures
  An ogre (D:5)
  3 scorpions
  2 centaur zombies (Ossuary)
  A hound (D:5)
  2 jellies (D:5)
  A sleepcap (D:5)
  A human zombie (Ossuary)
  3 scorpion zombies (Ossuary)
  Terence (D:2)
  A mummy (Ossuary)
  11 gnolls
  3 adders
  A shadow imp (D:5)
  3 worms (D:2)
  3 dart slugs
  2 orcs
  6 ball pythons
  10 endoplasms
  5 giant cockroaches
  3 gnoll zombies (Ossuary)
  5 goblins
  2 hobgoblins
  6 jackals (D:1)
  5 quokkas
  7 bats
  2 frilled lizards (D:1)
  3 goblin zombies (Ossuary)
  A hobgoblin zombie (Ossuary)
  7 kobolds
  A kobold zombie (Ossuary)
  An orc zombie (Ossuary)
  6 rats
109 creatures vanquished.

Notes
Turn   | Place    | Note
-------+----------+-------------------------------------------
     0 | D:1      | qw the Minotaur Hunter began the quest for the Orb.
     0 | D:1      | Reached XP level 1. HP: 18/18 MP: 0/0
     0 | D:1      | 0 ||| qw: Version: 0.2-a-122-g1db1318
     0 | D:1      | 0 ||| qw: Game counter: 3240
     0 | D:1      | 0 ||| qw: Always use a shield: true
     0 | D:1      | 0 ||| qw: God list: Okawaru
     0 | D:1      | 0 ||| qw: Allow faded altars: false
     0 | D:1      | 0 ||| qw: Do Orc after D:15 true
     0 | D:1      | 0 ||| qw: Do second Lair branch before Depths: true
     0 | D:1      | 0 ||| qw: Lair rune preference: random
     0 | D:1      | 0 ||| qw: Plans: Normal
     0 | D:1      | 0 ||| PLANNING D:1-11
   115 | D:1      | Reached XP level 2. HP: 25/25 MP: 1/1
   139 | D:1      | Reached skill level 5 in Ranged Weapons
   200 | D:1      | Reached skill level 3 in Fighting
   269 | D:1      | Reached XP level 3. HP: 31/31 MP: 2/2
   843 | D:1      | 843 ||| UPGRADING to +0 ring mail.
   853 | D:1      | 853 ||| DROPPING +0 leather armour.
   854 | D:1      | 854 ||| UPGRADING to amulet of regeneration.
   859 | D:1      | 859 ||| UPGRADING to ring of positive energy.
   860 | D:1      | 860 ||| READING scroll labelled TYKKEE LUYQAO.
   961 | D:1      | 961 ||| READING scroll labelled WYCEME CEOHO.
   962 | D:1      | 962 ||| DROPPING scroll of butterflies.
   992 | D:2      | Reached skill level 1 in Armour
  1017 | D:2      | Reached XP level 4. HP: 30/38 MP: 3/3
  1026 | D:2      | Reached skill level 6 in Ranged Weapons
  1111 | D:2      | Noticed Terence
  1127 | D:2      | Killed Terence
  1476 | D:2      | Reached XP level 5. HP: 46/46 MP: 4/4
  1907 | D:2      | 1907 ||| DROPPING ring of magical power.
  1908 | D:2      | 1908 ||| READING scroll labelled KOESIO ZESKUAV.
  1925 | D:2      | 1925 ||| READING 2 scrolls labelled TIFYR YLUO.
  1926 | D:2      | 1926 ||| READING scroll labelled QEOMOUZEZE.
  1927 | D:2      | 1927 ||| READING scroll labelled JOPLI LAPNOG.
  1932 | D:2      | 1932 ||| DRINKING 2 brown potions.
  1933 | D:2      | 1933 ||| DRINKING 2 smoky emerald potions.
  1934 | D:2      | 1934 ||| READING 3 scrolls of identify.
  1934 | D:2      | 1934 ||| IDENTIFYING lumpy black potion
  1935 | D:2      | 1935 ||| READING 2 scrolls of identify.
  1935 | D:2      | 1935 ||| IDENTIFYING black potion
  1936 | D:2      | 1936 ||| DROPPING scroll of immolation.
  1958 | D:3      | Found a transporter.
  1958 | D:3      | You fall into a shaft and drop 2 floors!
  1958 | D:5      | Entered Level 5 of the Dungeon
  1959 | D:5      | 1959 ||| PLANNING OSSUARY
  2003 | D:5      | Reached skill level 7 in Ranged Weapons
  2020 | D:5      | Noticed an ogre
  2027 | D:5      | Killed an ogre
  2028 | D:5      | Reached XP level 6. HP: 52/52 MP: 5/5
  2152 | D:5      | Reached skill level 8 in Ranged Weapons
  2207 | D:5      | Found a sand-covered staircase.
  2234 | D:5      | 2234 ||| READING scroll labelled YVIROI SAPHAUC.
  2235 | D:5      | 2235 ||| READING 2 scrolls of identify.
  2235 | D:5      | 2235 ||| IDENTIFYING golden potion
  2249 | Ossuary  | Entered an ossuary
  2294 | Ossuary  | Reached XP level 7. HP: 53/61 MP: 6/6
  2329 | Ossuary  | Reached skill level 3 in Dodging
  2453 | Ossuary  | 2453 ||| READING scroll labelled HASUOS JUSI.
  2454 | Ossuary  | 2454 ||| READING 2 scrolls of identify.
  2454 | Ossuary  | 2454 ||| IDENTIFYING emerald potion
  2491 | D:5      | 2491 ||| PLANNING D:1-11
  2523 | D:4      | 2523 ||| Stepping ~*~*~tactically~*~*~ (outnumbered).
  2699 | D:4      | Reached skill level 9 in Ranged Weapons
  2728 | D:4      | 2728 ||| READING scroll labelled VOEPA PINK.
  2730 | D:4      | 2730 ||| Stepping ~*~*~tactically~*~*~ (cloud).
  2758 | D:4      | 2758 ||| STAIRDANCE
  2821 | D:3      | Found a faded altar of an unknown god.
  2835 | D:3      | Found a transporter.
  2835 | D:3      | Noticed qw's ghost (amateur GrHu)
  2847 | D:3      | HP: 14/61 [gnoll/+0 halberd (11)]
  2848 | D:3      | 2848 ||| DRINKING potion of heal wounds.
  2852 | D:3      | HP: 11/61 [gnoll/+0 halberd (1)]
  3364 | D:3      | 3364 ||| DROPPING amulet of guardian spirit.
  3365 | D:3      | 3365 ||| READING 2 scrolls of identify.
  3365 | D:3      | 3365 ||| IDENTIFYING dark potion
  3366 | D:3      | 3366 ||| DROPPING potion of attraction.
  3570 | D:4      | Noticed Pikel
  3586 | D:4      | HP: 13/61 [Pikel/+2 whip of flaming (7)]
  3587 | D:4      | HP: 2/61 [Pikel/+2 whip of flaming (10)]
  3587 | D:4      | Slain by Pikel

Levels and vault maps discovered:
D:1:      dpeg_arrival_rooms_b, layout_loops_ring, chequers_big_river
D:2:      minmay_general_purpose_star, layout_loops_corners, minmay_circled_x,
          uniq_terence
D:3:      layout_loops_cross, basic_ecumenical_altar, gammafunk_ghost_arena,
          chequers_serial_rivers_micro_a
D:4:      layout_basic, makhleb_blood_cavern_becter, minivault_5, uniq_menkaure,
          uniq_pikel
D:5:      layout_gridville, nicolae_ossuary_entry_false_entrances

Skill      XL: |  1  2  3  4  5  6  7 |
---------------+----------------------+-----
Ranged Weapons | 5 6 7 8 9 |  9.0
Fighting       | 3 4 5 |  5.3
Armour         | 1 2 |  2.0
Dodging        | 3 |  3.0
Stealth        | |  0.7

Action                     |  1- 3 |  4- 6 |  7- 9 || total
---------------------------+-------+-------+-------++-------
   Fire: Shortbow          |   109 |   138 |   173 ||   420
    Use: Scroll            |     2 |     8 |     4 ||    14
         Potion            |       |     2 |     1 ||     3
 Armour: Leather armour    |    11 |       |       ||    11
         Ring mail         |     3 |    16 |    54 ||    73
  Dodge: Dodged            |    26 |    30 |    73 ||   129

Table legend:
 A = Non-vault XP
 B = Vault XP
 C = Vault XP percentage of total XP
 D = Non-vault monster count
 E = Vault monster count
 F = Vault count percentage of total count
                 A         B        C        D         E       F
            +---------+---------+-------+---------+---------+-------
      Total |     763 |     404 |  34.6 |      84 |      25 |  22.9
            +---------+---------+-------+---------+---------+-------
        D:1 |      70 |       0 |   0.0 |      38 |       0 |   0.0
        D:2 |      76 |      61 |  44.5 |      13 |       8 |  38.1
        D:3 |      71 |       0 |   0.0 |      15 |       0 |   0.0
        D:4 |     151 |       0 |   0.0 |      10 |       0 |   0.0
        D:5 |     395 |       0 |   0.0 |       8 |       0 |   0.0
    Ossuary |       0 |     343 | 100.0 |       0 |      17 | 100.0
            +---------+---------+-------+---------+---------+-------
